 Dungeon Crawl Stone Soup version 0.28-a0-1505-g8c907de6ad (webtiles) character file.

Game seed: 8096939465932928015

256800 Anon1729 the Minotaur Blade (level 19, -9/183 HPs)
             Began as a Minotaur Monk on Jan 13, 2022.
             Was the Champion of Okawaru.
             Mangled by a merfolk (18 damage)
             ... on level 3 of the Shoals.
             The game lasted 01:32:15 (34718 turns).

Anon1729 the Minotaur Blade (Minotaur Monk)        Turns: 34718, Time: 01:32:16

Health: -9/183     AC: 29    Str: 23    XL:     19   Next: 79%
Magic:  30/30      EV:  9    Int: 10    God:    Okawaru [******]
Gold:   2926       SH:  7    Dex: 14    Spells: 18/18 levels left

rFire   + . .      SeeInvis .   B - +10 double sword of Callousness {flame, Fly rPois Int+3}
rCold   + . .      Faith    .   j - +2 buckler {rC+}
rNeg    + . .      Spirit   .   D - +2 plate armour {rF+}
rPois   +          Reflect  .   S - +2 hat "Qicresy" {Slay+5 Stlth-}
rElec   +          Harm     .   f - scarf {repulsion}
rCorr   .          Rampage  .   y - +3 pair of gauntlets of War {Slay+5}
Will    +++..                   P - +0 pair of boots
Stlth   ..........              H - amulet of regeneration
HPRegen 1.20/turn               E - +4 ring of slaying
MPRegen 0.22/turn               v - ring of Qazlal's Wrath {rElec rN+ Will++}

@: about to teleport, on berserk cooldown, flying, studying Bows, repel missiles
A: horns 2, retaliatory headbutt
a: Renounce Religion, Heroism, Finesse, Duel


You were on level 3 of the Shoals.
You worshipped Okawaru.
Okawaru was exalted by your worship.
You visited 6 branches of the dungeon, and saw 30 of its levels.
You also visited: Ossuary, Bailey, Gauntlet, Ice Cave and Volcano.

You collected 4810 gold pieces.
You spent 1884 gold pieces at shops.

Inventory:

Hand Weapons
 t - the +8 demon blade "Leech" {vamp, Harm Drain rN+}
   (You found it on level 2 of the Elven Halls)

   It heals its wielder for a portion of the damage dealt every time it strikes
   a living foe.
   rN:        It protects you from negative energy.
   Drain:     It drains your maximum health when unequipped.
   Harm:      It increases damage dealt and taken.
 B - the +10 double sword of Callousness (weapon) {flame, Fly rPois Int+3}
   (You found it on level 9 of the Dungeon)

   It burns those it strikes, dealing additional fire damage.
   Big, fiery blades are also staple armaments of hydra-hunters.
   Int:       It affects your intelligence (+3).
   rPois:     It protects you from poison.
   Fly:       It grants you flight.
 X - the +10 dark maul {vorpal}
   (You took it off an ettin on level 1 of the Depths)

   It inflicts extra damage upon your enemies.
Missiles
 J - 11 curare-tipped darts (quivered)
 U - 6 silver javelins
 Y - 5 throwing nets
Armour
 f - a scarf of repulsion (worn)
 j - a +2 buckler of cold resistance (worn)
 y - the +3 pair of gauntlets of War (worn) {Slay+5}
   (You acquired it on level 13 of the Dungeon)

   Slay:      It affects your accuracy & damage with ranged weapons and melee
   (+5).
 D - a +2 plate armour of fire resistance (worn)
 M - the +0 pair of fencer's gloves {Riposte Dex+3}
   (Okawaru gifted it to you in an ice cave)

   It allows the wearer to riposte with melee weapons, swiftly retaliating
   against missed attacks.
   Dex:       It affects your dexterity (+3).
 P - a +0 pair of boots (worn)
 S - the +2 hat "Qicresy" (worn) {Slay+5 Stlth-}
   (Okawaru gifted it to you on level 12 of the Dungeon)

   Slay:      It affects your accuracy & damage with ranged weapons and melee
   (+5).
   Stlth:     It makes you less stealthy.
Jewellery
 m - a ring of the Octopus King {rC+ AC+1 EV+1 Str+1 Int+1 Dex+1}
   (You found it on level 6 of the Lair of Beasts)

   [ring of protection from cold]

   AC:        It affects your AC (+1).
   EV:        It affects your evasion (+1).
   Str:       It affects your strength (+1).
   Int:       It affects your intelligence (+1).
   Dex:       It affects your dexterity (+1).
   rC:        It protects you from cold.
 r - a ring of protection from fire
 v - the ring of Qazlal's Wrath (right hand) {rElec rN+ Will++}
   (You found it in an ice cave)

   [ring of positive energy]

   rElec:     It insulates you from electricity.
   rN:        It protects you from negative energy.
   Will:      It greatly increases your willpower.
 C - the ring "Udghaes" {+Blink rPois Int+6 Dex+3}
   (You found it on level 2 of the Shoals)

   [ring of intelligence]

   Int:       It affects your intelligence (+6).
   Dex:       It affects your dexterity (+3).
   rPois:     It protects you from poison.
   +Blink:    It lets you blink.
 E - a +4 ring of slaying (left hand)
 H - an amulet of regeneration (around neck)
 Z - the ring "Cexagies" {Ice Str+3 Dex+3}
   (You took it off a minotaur in a Gauntlet)

   [ring of ice]

   It enhances your ice magic.
   Str:       It affects your strength (+3).
   Dex:       It affects your dexterity (+3).
   rF:        It makes you vulnerable to fire.
   rC:        It protects you from cold.
Wands
 u - a wand of digging (13)
 z - a wand of flame (48)
 I - a wand of acid (4)
 V - a wand of polymorph (18)
 W - a wand of iceblast (21)
Scrolls
 c - 6 scrolls of vulnerability
 d - 6 scrolls of immolation
 e - 7 scrolls of fear
 i - 5 scrolls of enchant armour
 k - 16 scrolls of teleportation
 w - 2 scrolls of brand weapon
 G - 2 scrolls of enchant weapon
 K - 2 scrolls of silence
 N - 5 scrolls of magic mapping
 O - a scroll of fog
Potions
 b - 3 potions of brilliance
 g - 8 potions of mutation
 h - 6 potions of attraction
 l - 5 potions of might
 p - 3 potions of resistance
 s - 10 potions of curing
 x - a potion of berserk rage
 A - 5 potions of ambrosia
 F - 5 potions of haste
 Q - a potion of invisibility
 T - 2 potions of lignification
Miscellaneous
 a - a piece from Xom's chessboard (15/15)
 o - a phial of floods
 L - a box of beasts


   Skills:
 + Level 19.2 Fighting
 * Level 23.5 Long Blades
 - Level 12.3 Axes
 + Level 2.3 Throwing
 + Level 18.9 Armour
 + Level 4.1 Dodging
 - Level 1.5 Stealth
 + Level 4.6 Shields
 + Level 16.3 Invocations
 + Level 1.7 Evocations


You had 18 spell levels left.
You didn't know any spells.
Your spell library contained the following spells:

 Spells                   Type           Power      Damage    Failure   Level
 Beastly Appendage        Tmut           0%         N/A       97%         1
 Shock                    Conj/Air       0%         1d3       97%         1
 Slow                     Hex            0%         N/A       97%         1
 Blink                    Tloc           0%         N/A       99%         2
 Corpse Rot               Necr/Air       0%         N/A       99%         2
 Static Discharge         Conj/Air       0%         N/A       99%         2
 Sublimation of Blood     Necr           0%         N/A       99%         2
 Wereblood                Tmut           0%         N/A       99%         2
 Confusing Touch          Hex            0%         N/A       100%        3
 Conjure Flame            Conj/Fire      0%         6-21      100%        3
 Gell's Gravitas          Tloc           0%         N/A       100%        3
 Ignite Poison            Fire/Tmut/Pois 0%         N/A       100%        3
 Ozocubu's Armour         Ice            0%         N/A       100%        3
 Spider Form              Tmut/Pois      0%         N/A       100%        3
 Swiftness                Air            0%         N/A       100%        3
 Teleport Other           Tloc           0%         N/A       100%        3
 Vampiric Draining        Necr           0%         2d6       100%        3
 Airstrike                Air            0%         N/A       100%        4
 Anguish                  Hex/Necr       0%         N/A       100%        4
 Dispel Undead            Necr           0%         3d6       100%        4
 Leda's Liquefaction      Hex/Erth       0%         N/A       100%        4
 Petrify                  Tmut/Erth      0%         N/A       100%        4
 Sticky Flame             Conj/Fire      0%         2d3       100%        4
 Fireball                 Conj/Fire      0%         3d3       100%        5
 Iskenderun's Battlesphe  Conj           0%         2d6       100%        5
 Lee's Rapid Deconstruct  Erth           0%         3d5*      100%        5
 Manifold Assault         Tloc           0%         N/A       100%        5
 Metabolic Englaciation   Hex/Ice        0%         N/A       100%        5
 Conjure Ball Lightning   Conj/Air       0%         3x3d6     100%        6
 Dispersal                Tloc           0%         N/A       100%        6
 Statue Form              Tmut/Erth      0%         N/A       100%        6
 Enfeeble                 Hex            0%         N/A       100%        7
 Orb of Destruction       Conj           0%         N/A       100%        7
 Storm Form               Tmut/Air       0%         N/A       100%        7
 Borgnjor's Revivificati  Necr           0%         N/A       100%        8
 Maxwell's Capacitive Co  Air            0%         ∞         100%        8
 Necromutation            Tmut/Necr      0%         N/A       100%        8
 Death's Door             Necr           0%         N/A       100%        9
 Tukima's Dance           Hex            Unusable   N/A       N/A         3
 Summon Lightning Spire   Summ/Air       Unusable   N/A       N/A         4
 Death Channel            Necr           Unusable   N/A       N/A         6
 Simulacrum               Ice/Necr       Unusable   N/A       N/A         6
 Summon Hydra             Summ           Unusable   N/A       N/A         7

Dungeon Overview and Level Annotations

Branches:
Dungeon (15/15)            Temple (0/1) D:6            Lair (6/6) D:8
 Shoals (3/4) Lair:3        Snake (0/4) Lair:3        Slime (0/5) Lair:5
    Orc (2/2) D:9             Elf (3/3) Orc:2        Vaults (0/5) D:13
 Depths (1/4) D:15        Ossuary (visited)          Bailey (visited)
  IceCv (visited)         Volcano (visited)         Gauntlet (visited)

Altars:
Cheibriados
Dithmenos
Elyvilon
Okawaru
Qazlal
Ru
Sif Muna
Uskayaw
Wu Jian
Xom
Zin
Jiyva

Shops:
Orc:1 (   Orc:2 *[(:[   Elf:1 [[?(   Elf:2 ?   Depths:1 *

Portals:
Hell: Depths:1
Trove: D:14 (give +3 shadow dragon scales)

Annotations:
D:4 Dowan, Duvessa
Elf:2 3 runed translucent doors
Elf:3 1 exclusion


Innate Abilities, Weirdness & Mutations

You have a pair of horns on your head.
You reflexively headbutt those who attack you in melee.


Message History

A merfolk javelineer, 3 merfolk, 4 fauns and a merfolk siren come into view.
As you read the scroll of blinking, it crumbles to dust.
The merfolk javelineer shouts!
The merfolk shouts! x2; The faun shouts! x2
The merfolk siren shouts!
The harpy screeches!
You hear an angry hiss.
The faun unwields a +0 quarterstaff.
The faun wields a +0 hunting sling.
The faun shoots a stone.
The stone closely misses you.
The faun unwields a +0 quarterstaff.
The faun wields a +0 hunting sling.
The faun shoots a sling bullet.
The sling bullet hits you but does no damage.
A faun comes into view. It is wielding a +0 spear.
Okay, then.
As you read the scroll of fog, it crumbles to dust.
The scroll dissolves into smoke.
A merfolk siren comes into view. It is wielding a +0 spear.
The merfolk throws a boomerang.
The boomerang hits you but does no damage.
The merfolk siren chants a haunting song.
You resist with almost no effort.
A manticore comes into view.
The merfolk javelineer throws a javelin.
The javelin closely misses you.
A faun comes into view. It is wielding a +0 spear.
Okay, then.
Okay, then.
Okay, then.
As you read the scroll of teleportation, it crumbles to dust.
You feel strangely unstable. You block the merfolk's attack.
The harpy claws you but does no damage. The harpy completely misses you.
The merfolk throws a boomerang.
The boomerang barely misses you.
The merfolk hits you from afar with a +0 trident.
* * * LOW HITPOINT WARNING * * *
You feel better.
The harpy screeches!
You hear an angry hiss.
The harpy claws you.
* * * LOW HITPOINT WARNING * * *
The harpy misses you.
The merfolk hits you from afar with a +0 trident!
* * * LOW HITPOINT WARNING * * *
The merfolk hits you from afar with a +0 trident!!
You die...

≈≈≈≈≈≈PP≈≈≈≈≈≈≈≈≈
≈≈≈PP≈≈≈≈≈≈≈P≈≈≈..≈≈≈≈≈≈
≈≈≈≈≈≈≈≈≈≈≈≈≈≈≈≈...≈≈≈≈≈
≈≈≈≈≈≈≈≈≈≈≈≈≈≈≈≈≈...≈≈≈≈
≈≈≈≈≈≈≈≈≈≈≈≈..S.m.......
≈≈P≈≈≈≈≈≈≈≈≈..§.mk.≈m...
≈≈P≈≈§§≈§m≈≈#####mm≈....
≈P≈P≈§§§§m≈.#####..k.##.
≈≈PP≈§H@§m≈m.m.m.≈≈..###
≈≈≈≈≈§§§§m≈...H.S≈m..###
≈≈≈P≈§c§m≈≈..m#..k≈.....
≈≈P≈≈≈≈≈≈≈≈cm.m.........
≈≈≈≈≈≈≈≈≈≈≈≈............
≈c≈≈≈≈≈≈≈≈≈≈..###..≈≈.(.
cP≈≈≈≈≈≈≈≈≈≈.###...≈≈≈†.
cc≈≈≈≈≈≈≈≈≈≈.# #...≈≈≈<.
≈≈≈≈≈≈≈≈X. ...≈≈≈≈≈.


You could see 5 merfolk, 2 fauns, a merfolk siren and a harpy.

Vanquished Creatures
  A juggernaut (Depths:1)
  Jorgrun (Orc:1)
  Rupert (D:15)
  A tentacled monstrosity (Shoals:2)
  2 deep elf blademasters (Elf:3)
  3 deep elf master archers (Elf:3)
  Frances (D:12)
  A kraken (Shoals:2)
  A fire giant (Depths:1)
  2 storm dragons (D:13)
  Roxanne (Shoals:1)
  An azure jelly (Lair:4)
  14 deep elf sorcerers
  2 orc warlords
  A frost giant (Depths:1)
  7 deep elf elementalists
  A vampire knight (Depths:1)
  6 deep elf demonologists
  6 very ugly things (Depths:1)
  10 stone giants
  Nessos (D:14)
  4 deep elf annihilators
  A bunyip (shapeshifter) (Depths:1)
  Azrael (D:12)
  A minotaur (Gauntlet)
  6 ettins
  2 deep elf death magi
  Snorg (D:14)
  2 merfolk javelineers
  4 merfolk impalers (Shoals:2)
  Josephine (D:15)
  5 deep elf high priests (Elf:3)
  2 great orbs of eyes
  Fannar (D:10)
  Erolcha (D:12)
  A merfolk avatar (Lair:6)
  2 boulder beetles
  An ice dragon (Depths:1)
  4 hydras
  A catoblepas (Lair:2)
  2 spriggan air magi (Depths:1)
  A vault guard (D:13)
  An ogre mage (D:14)
  An alligator snapping turtle (Shoals:3)
  8 two-headed ogres
  Erica (D:10)
  29 dancing weapons
  2 merfolk aquamancers
  A deep troll shaman (Depths:1)
  3 centaur warriors
  7 death yaks (Lair:5)
  A satyr (Shoals:2)
  A deep troll earth mage (Depths:1)
  A hell hog (Arena)
  2 orc high priests (Orc:2)
  A shock serpent (shapeshifter) (Elf:3)
  3 tengu warriors
  Nergalle (D:12)
  3 iron trolls (Depths:1)
  21 deep elf knights
  6 deep trolls
  A fire crab (Lair:4)
  A flayed ghost (Depths:1)
  2 wizards
  A deep troll (shapeshifter) (D:13)
  18 deep elf archers
  4 sea snakes
  4 harpies
  43 deep elf pyromancers
  7 orc knights
  32 deep elf zephyrmancers
  A wolf spider (shapeshifter) (Elf:1)
  2 necromancers
  48 ugly things
  A shadow dragon skeleton (Depths:1)
  An orc sorcerer (Orc:2)
  9 manticores
  8 fauns (Shoals:2)
  A fire giant zombie (Depths:1)
  4 cyclopes
  3 elephants (Lair:3)
  A titan simulacrum (Depths:1)
  Joseph (D:9)
  7 black mambas
  An ice statue (IceCv)
  A torpor snail (Lair:4)
  2 gargoyles
  A water nymph (Shoals:1)
  An apocalypse crab (Shoals:2)
  8 cane toads
  An unseen horror (shapeshifter) (D:13)
  9 komodo dragons
  Psyche (D:10)
  6 rime drakes
  2 efreet
  2 kobold demonologists (D:12)
  2 tengu conjurers (D:15)
  5 freezing wraiths
  12 ice devils (IceCv)
  10 merfolk
  6 trolls
  A troll (shapeshifter) (Elf:1)
  4 entropy weaver simulacra (IceCv)
  2 queen bees
  3 meliai (Lair:5)
  2 wind drakes
  3 polar bears
  2 hornets
  A blink frog (shapeshifter) (D:14)
  4 snapping turtles
  12 slime creatures
  10 dream sheep
  4 blink frogs
  A raiju (shapeshifter) (D:13)
  2 centaur simulacra
  5 wraiths
  3 air elementals
  A dire elephant simulacrum (IceCv)
  3 wyverns
  15 fire elementals
  13 water elementals
  51 yaks
  3 fire bats (Gauntlet)
  2 death yak simulacra (IceCv)
  A steam dragon (Lair:6)
  3 basilisks
  3 nagas (Lair:3)
  8 vampire mosquitoes
  A harpy simulacrum (IceCv)
  3 wargs (Orc:2)
  An acid dragon (D:13)
  8 hell hounds
  32 water moccasins
  A floating eye (Depths:1)
  A sky beast (D:5)
  50 orc warriors
  3 black bears
  20 wolves
  11 centaurs
  10 ogres
  5 kobold brigands (Bailey)
  12 bullfrogs
  4 earth elementals
  3 scorpions
  2 wyvern zombies
  5 cane toad simulacra
  A two-headed ogre simulacrum (IceCv)
  A water moccasin zombie (D:7)
  3 water moccasin skeletons
  A hornet simulacrum (D:11)
  7 elephant simulacra
  30 killer bees
  An electric eel (Lair:4)
  A howler monkey (D:13)
  A centaur zombie (D:6)
  A bullfrog zombie (D:5)
  8 jellies
  15 orc priests
  A centaur skeleton (D:5)
  2 hounds (D:6)
  2 gnoll shamans
  2 bullfrog skeletons (D:5)
  Jessica (D:3)
  3 iguanas
  Natasha (thrice) (D:3)
  33 orc wizards
  6 hell rats (Lair:6)
  2 spriggan simulacra (IceCv)
  A troll simulacrum (IceCv)
  5 polar bear simulacra
  5 wolf simulacra (IceCv)
  8 mummies (Ossuary)
  A howler monkey zombie (D:9)
  8 gnolls
  2 adders
  A shadow imp (D:5)
  A white imp (IceCv)
  An ufetubus (IceCv)
  An adder skeleton (D:4)
  A worm (D:2)
  2 dart slugs
  71 orcs
  2 ball pythons
  4 endoplasms
  2 giant cockroaches
  2 goblins
  4 hobgoblins
  3 quokkas
  A training dummy (Elf:3)
  5 bats
  7 frilled lizards (D:1)
  3 gnoll zombies (Ossuary)
  A hobgoblin zombie (Ossuary)
  18 kobolds
  A kobold zombie (Ossuary)
  3 orc zombies (Ossuary)
  7 rats
  A plant (Depths:1)
  2 tentacles (Shoals:3)
1104 creatures vanquished.

Vanquished Creatures (others)
  A deep elf zephyrmancer (Elf:1)
  A shadow (D:13)
  4 demonic plants (Gauntlet)
  74 fungi
  97 plants
  9 tentacles
186 creatures vanquished.

Grand Total: 1290 creatures vanquished

Notes
Turn   | Place    | Note
-------+----------+-------------------------------------------
     0 | D:1      | Anon1729 the Minotaur Monk began the quest for the Orb.
     0 | D:1      | Reached XP level 1. HP: 19/19 MP: 0/0
   230 | D:1      | Reached XP level 2. HP: 25/27 MP: 1/1
   257 | D:1      | Reached skill level 1 in Armour
   666 | D:1      | Found a faded altar of an unknown god.
   674 | D:1      | Prayed at the altar of an unknown god.
   674 | D:1      | Became a worshipper of Warmaster Okawaru
   674 | D:1      | Reached * piety under Okawaru
   674 | D:1      | Reached ** piety under Okawaru
   775 | D:1      | Reached XP level 3. HP: 27/33 MP: 2/2
  2465 | D:3      | Reached XP level 4. HP: 31/40 MP: 3/3
  2466 | D:3      | Reached skill level 5 in Axes
  2583 | D:3      | Found a hide-covered altar of Uskayaw.
  2653 | D:3      | Noticed Natasha
  2660 | D:3      | Killed Natasha
  3217 | D:3      | Noticed Natasha
  3224 | D:3      | Killed Natasha
  3225 | D:3      | Reached XP level 5. HP: 36/47 MP: 4/4
  3328 | D:3      | Noticed Jessica
  3340 | D:3      | Killed Jessica
  3378 | D:3      | Found a shimmering blue altar of Sif Muna.
  3422 | D:3      | Noticed Natasha
  3430 | D:3      | Killed Natasha
  3464 | D:4      | Noticed Dowan
  3466 | D:4      | Noticed Duvessa
  3937 | D:3      | HP: 2/47 [poisoned by Duvessa]
  4281 | D:5      | Entered Level 5 of the Dungeon
  4288 | D:5      | Noticed an ogre
  4303 | D:5      | Killed an ogre
  4304 | D:5      | Reached skill level 5 in Fighting
  4304 | D:5      | Reached XP level 6. HP: 56/56 MP: 5/5
  4390 | D:5      | Reached *** piety under Okawaru
  4969 | D:5      | Reached XP level 7. HP: 55/62 MP: 6/6
  5512 | D:5      | Reached skill level 5 in Armour
  5754 | D:6      | Reached **** piety under Okawaru
  5775 | D:6      | Identified the +3 flail "Jikipnue" {venom, rC+ rN+}
  5955 | D:6      | Reached XP level 8. HP: 29/71 MP: 7/7
  7130 | D:6      | Reached skill level 1 in Invocations
  7140 | D:6      | Identified the +1 leather armour of Thoughtfulness {rPois
                  | Int+2}
  7313 | D:6      | Found a staircase to the Ecumenical Temple.
  7735 | D:6      | Reached skill level 10 in Axes
  8144 | D:7      | Found a flagged portal.
  8150 | D:7      | Found a sand-covered staircase.
  8155 | Ossuary  | Entered an ossuary
  8198 | Ossuary  | HP: 2/73 [mummy (5)]
  8577 | Bailey   | Entered a bailey
  8611 | Bailey   | Reached XP level 9. HP: 28/80 MP: 6/9
  8849 | Bailey   | Found a burning altar of Makhleb.
  9011 | D:7      | Found a white marble altar of Elyvilon.
  9485 | D:8      | Reached ***** piety under Okawaru
  9626 | D:8      | Found a sacrificial altar of Ru.
  9629 | D:8      | Found a stormy altar of Qazlal.
  9632 | D:8      | Found a glowing silver altar of Zin.
  9704 | D:8      | Found a staircase to the Lair.
  9713 | D:8      | Noticed a komodo dragon
  9788 | D:8      | Killed a komodo dragon
  9788 | D:8      | Received a gift from Okawaru
  9789 | D:8      | Reached XP level 10. HP: 63/91 MP: 12/12
 10378 | D:9      | Identified the +10 double sword of Callousness {flame, Fly
                  | rPois Int+3}
 10445 | D:9      | Reached skill level 1 in Throwing
 10450 | D:9      | Reached skill level 1 in Long Blades
 10598 | D:9      | Noticed a two-headed ogre
 10599 | D:9      | Noticed Joseph
 10676 | Lair:1   | Entered Level 1 of the Lair of Beasts
 10753 | Lair:1   | Noticed a seven-headed hydra
 10836 | D:8      | Killed a five-headed hydra
 10836 | D:8      | Received a gift from Okawaru
 10837 | D:8      | Reached skill level 3 in Long Blades
 10837 | D:8      | Reached skill level 5 in Invocations
 10902 | D:8      | Killed a two-headed ogre
 10903 | D:8      | Reached skill level 4 in Long Blades
 11090 | Lair:1   | Noticed a black mamba
 11095 | Lair:1   | Killed a black mamba
 11143 | Lair:1   | Noticed a five-headed hydra
 11143 | Lair:1   | Noticed a five-headed hydra
 11150 | Lair:1   | Killed a three-headed hydra
 11151 | Lair:1   | Reached skill level 10 in Fighting
 11151 | Lair:1   | Reached skill level 5 in Long Blades
 11153 | Lair:1   | Killed a two-headed hydra
 11153 | Lair:1   | Received a gift from Okawaru
 11154 | Lair:1   | Reached skill level 6 in Long Blades
 11154 | Lair:1   | Reached XP level 11. HP: 70/99 MP: 14/14
 11239 | Lair:1   | Noticed a seven-headed hydra
 11247 | Lair:1   | Killed a four-headed hydra
 11252 | Lair:1   | Reached ****** piety under Okawaru
 11322 | Lair:1   | Reached skill level 7 in Long Blades
 11784 | Lair:2   | Noticed a catoblepas
 11796 | Lair:2   | Killed a catoblepas
 11877 | Lair:2   | Reached skill level 10 in Armour
 12003 | Lair:2   | Reached skill level 8 in Long Blades
 12402 | Lair:2   | Received a gift from Okawaru
 12414 | Lair:2   | Reached skill level 9 in Long Blades
 13354 | Lair:3   | Reached XP level 12. HP: 101/110 MP: 16/16
 13481 | Lair:3   | Found a staircase to the Snake Pit.
 13491 | Lair:3   | Reached skill level 10 in Long Blades
 13793 | Lair:3   | Found a staircase to the Shoals.
 14092 | Lair:4   | Found a gate leading to a gauntlet.
 14107 | Lair:4   | Reached skill level 11 in Long Blades
 14139 | Gauntlet | Entered a Gauntlet
 14139 | Gauntlet | Found a transporter.
 14139 | Gauntlet | Found a transporter.
 14139 | Gauntlet | Found a runed translucent door.
 14141 | Gauntlet | Found a transporter.
 14142 | Gauntlet | Found a transporter.
 14143 | Gauntlet | Found a runed translucent door.
 14145 | Gauntlet | Found a transporter.
 14145 | Gauntlet | Found a transporter.
 14180 | Gauntlet | Found a transporter.
 14181 | Gauntlet | Found a transporter.
 14189 | Gauntlet | Found a transporter.
 14205 | Gauntlet | Found a transporter.
 14206 | Gauntlet | Noticed a hell hog
 14219 | Gauntlet | Found a transporter.
 14223 | Gauntlet | Found a transporter.
 14223 | Gauntlet | Noticed a death scarab
 14354 | Arena    | Entered the Arena
 14356 | Arena    | Killed a hell hog
 14356 | Arena    | Received a gift from Okawaru
 14403 | Gauntlet | Identified the +0 cloak "Varus" {Harm Regen+ Int+6}
 14420 | Gauntlet | Identified the ring "Cexagies" {Ice Str+3 Dex+3}
 14420 | Gauntlet | Noticed a minotaur
 14430 | Gauntlet | Killed a minotaur
 14482 | Lair:4   | Found a frozen archway.
 14490 | IceCv    | Entered an ice cave
 14496 | IceCv    | Reached skill level 12 in Long Blades
 14581 | IceCv    | Found an ancient bone altar of Kikubaaqudgha.
 14854 | IceCv    | Reached XP level 13. HP: 34/119 MP: 18/18
 14946 | IceCv    | Received a gift from Okawaru
 14946 | IceCv    | Found the +0 pair of fencer's gloves {Riposte Dex+3}
 15205 | IceCv    | Reached skill level 13 in Long Blades
 15480 | IceCv    | Identified the ring of Qazlal's Wrath {rElec rN+ Will++}
 15712 | Lair:4   | Noticed an azure jelly
 15722 | Lair:4   | Killed an azure jelly
 15723 | Lair:4   | Reached skill level 1 in Shields
 16649 | Lair:5   | Found a staircase to the Slime Pits.
 16659 | Lair:5   | Found a viscous altar of Jiyva.
 16711 | Lair:5   | Reached skill level 14 in Long Blades
 16925 | Lair:5   | Reached skill level 10 in Invocations
 16939 | Lair:5   | Identified the -6 kite shield of Contentment {rC+ rN+
                  | Regen+ Dex+2} (Okawaru gifted it to you on level 5 of the
                  | Lair of Beasts)
 16939 | Lair:5   | Received a gift from Okawaru
 17019 | Lair:5   | Reached XP level 14. HP: 96/130 MP: 20/20
 17417 | Lair:6   | Entered Level 6 of the Lair of Beasts
 17553 | Lair:6   | Found a dark tunnel.
 17564 | Volcano  | Entered a volcano
 17610 | Volcano  | Reached skill level 15 in Long Blades
 17950 | Lair:6   | Found the ring of the Octopus King
 17972 | Lair:6   | Identified a ring of the Octopus King {rC+ AC+1 EV+1 Str+1
                  | Int+1 Dex+1}
 18173 | Lair:6   | Identified the +3 battleaxe "Hecew" {pain, Int+3} (Okawaru
                  | gifted it to you on level 6 of the Lair of Beasts)
 18173 | Lair:6   | Received a gift from Okawaru
 18900 | D:9      | Found a staircase to the Orcish Mines.
 18989 | D:9      | Reached skill level 16 in Long Blades
 19223 | Orc:1    | Entered Level 1 of the Orcish Mines
 19366 | Orc:1    | Noticed Jorgrun
 19381 | Orc:1    | Killed Jorgrun
 19381 | Orc:1    | Identified the +0 hat of the Iron Devil {-Cast rN+ Dex+3}
                  | (Okawaru gifted it to you on level 1 of the Orcish Mines)
 19381 | Orc:1    | Received a gift from Okawaru
 19457 | Orc:2    | Entered Level 2 of the Orcish Mines
 19482 | Orc:2    | Noticed an orc warlord
 19609 | D:9      | Killed an orc warlord
 19799 | Orc:2    | Found a staircase to the Elven Halls.
 19820 | Orc:2    | Noticed an orc warlord
 19921 | Orc:1    | Killed an orc warlord
 20141 | Orc:2    | Found Estrilump's Antique Weapon Boutique.
 20182 | Orc:2    | Found Poechor's General Store.
 20234 | Orc:2    | Bought a scroll of identify for 36 gold pieces
 20247 | Orc:2    | Found Qor Syt's Antique Armour Shoppe.
 20255 | Orc:2    | Bought an ancient cloak for 370 gold pieces
 20255 | Orc:2    | Identified the +0 cloak "Dael Qest" {rCorr Str-2 Slay+2}
                  | (You bought it in a shop on level 2 of the Orcish Mines)
 20265 | Orc:2    | Reached skill level 15 in Fighting
 20265 | Orc:2    | Reached XP level 15. HP: 124/141 MP: 22/22
 20295 | Orc:2    | Found Yblam's Book Boutique.
 20396 | Orc:2    | Found Fouffysk's Antique Armour Boutique.
 20409 | Orc:2    | Bought a warped scale mail for 279 gold pieces
 20409 | Orc:2    | Identified the +0 scale mail of Gravity {rCorr} (You bought
                  | it in a shop on level 2 of the Orcish Mines)
 20649 | Orc:1    | Found Oloodwed's Antique Weapon Shoppe.
 21100 | Elf:1    | Entered Level 1 of the Elven Halls
 21144 | Elf:1    | Reached skill level 17 in Long Blades
 21188 | Elf:1    | Paralysed by an air elemental for 1 turns
 21247 | Elf:1    | Identified the +0 pair of gloves of the Well-Known Beasts
                  | {Harm rCorr Dex+3} (Okawaru gifted it to you on level 1 of
                  | the Elven Halls)
 21247 | Elf:1    | Received a gift from Okawaru
 21403 | Elf:1    | Reached skill level 15 in Armour
 21559 | Elf:1    | Found Joec's Antique Armour Boutique.
 21792 | Elf:1    | Found Geonup's Magic Scroll Boutique.
 21803 | Elf:1    | Bought a scroll of identify for 24 gold pieces
 21803 | Elf:1    | Bought a scroll of identify for 24 gold pieces
 21803 | Elf:1    | Bought a scroll of identify for 24 gold pieces
 21803 | Elf:1    | Bought a scroll of identify for 24 gold pieces
 21803 | Elf:1    | Bought a scroll of silence for 90 gold pieces
 21813 | Elf:1    | Reached XP level 16. HP: 149/149 MP: 22/24
 21850 | Elf:1    | Found Omuagrog's Weapon Shoppe.
 22055 | Elf:1    | Reached skill level 18 in Long Blades
 22204 | Elf:1    | Found Onosh's Armour Boutique.
 22471 | Elf:2    | Found the +8 demon blade "Leech" {vamp, Harm Drain rN+}
 22676 | Elf:2    | Received a gift from Okawaru
 22781 | Elf:2    | Found Satob's Magic Scroll Shop.
 22785 | Elf:2    | Bought a scroll of teleportation for 57 gold pieces
 22785 | Elf:2    | Bought a scroll of teleportation for 57 gold pieces
 22883 | Elf:2    | Found a runed translucent gate.
 22884 | Elf:2    | Found a runed translucent gate.
 22886 | Elf:2    | Found a runed translucent gate.
 22889 | Elf:2    | Identified the +11 scimitar "Dragonslayer" {freeze, Dex+4}
 23019 | Elf:2    | Reached XP level 17. HP: 78/158 MP: 26/26
 23320 | Elf:2    | Reached skill level 19 in Long Blades
 23338 | Elf:2    | Identified the +1 ring mail "Jeon" {Harm Str+5 Dex-5
                  | Stlth+} (Okawaru gifted it to you on level 2 of the Elven
                  | Halls)
 23338 | Elf:2    | Received a gift from Okawaru
 23900 | Elf:3    | Entered Level 3 of the Elven Halls
 24094 | Elf:3    | Noticed a deep elf master archer
 24094 | Elf:3    | Noticed a Hell Sentinel
 24101 | Arena    | Entered the Arena
 24121 | Elf:3    | Killed a deep elf master archer
 24138 | Elf:3    | Reached skill level 20 in Long Blades
 24470 | Elf:3    | Received a gift from Okawaru
 24762 | Elf:3    | Identified the +1 leather armour of Resonance {+Blink rF-
                  | rC+ Will+}
 24784 | Elf:3    | Noticed a Tzitzimitl
 24989 | Elf:3    | Paralysed by an air elemental for 1 turns
 25030 | Elf:3    | Identified the +1 scale mail of Pride {Fly rC+ MP-9 Dex+4}
                  | (Okawaru gifted it to you on level 3 of the Elven Halls)
 25030 | Elf:3    | Received a gift from Okawaru
 25043 | Elf:3    | Identified the +6 mace "Anon1729's Regret" {vorpal, Contam
                  | rN+ rCorr}
 25177 | Elf:3    | Identified the ring of Rufuuc {*Slow +Blink rF+ rC++ rCorr}
 25187 | Elf:3    | Noticed a deep elf blademaster
 25193 | Elf:3    | Killed a deep elf blademaster
 25194 | Elf:3    | Reached XP level 18. HP: 155/170 MP: 28/28
 25198 | Elf:3    | Noticed a Brimstone Fiend
 25211 | Elf:3    | Identified the amulet of the Median {Faith Harm Str-4 Dex+2
                  | Stlth+}
 25215 | Elf:3    | Identified the +1 chain mail "Ifuxet" {Fly rC- rN++ rCorr}
 25385 | Elf:3    | Identified the +1 robe of Ashenzari's Approval {Regen+}
 25386 | Elf:3    | Noticed a Hell Sentinel
 25405 | Elf:3    | Reached skill level 21 in Long Blades
 25586 | Elf:3    | Identified the +0 helmet of Viyradd {MP+9 Str+4 Dex+3
                  | Slay+3}
 25835 | D:10     | Entered Level 10 of the Dungeon
 25932 | D:10     | Noticed Fannar
 25943 | D:10     | Killed Fannar
 25974 | D:10     | Noticed Psyche
 25981 | D:10     | Killed Psyche
 25989 | D:10     | Found an ornate altar of the Wu Jian Council.
 26025 | D:10     | Noticed Erica
 26031 | D:10     | Killed Erica
 26033 | D:10     | Found a snail-covered altar of Cheibriados.
 26204 | D:10     | Found an iron altar of Okawaru.
 26236 | D:10     | Found a shimmering altar of Xom.
 27096 | D:12     | Noticed Azrael
 27104 | D:12     | Killed Azrael
 27269 | D:12     | Reached skill level 15 in Invocations
 27437 | D:12     | Noticed Nergalle
 27443 | D:12     | Killed Nergalle
 27561 | D:12     | Noticed Erolcha
 27572 | D:12     | Killed Erolcha
 27743 | D:12     | Identified the +2 hat "Qicresy" {Slay+5 Stlth-} (Okawaru
                  | gifted it to you on level 12 of the Dungeon)
 27743 | D:12     | Received a gift from Okawaru
 27782 | D:12     | Noticed Frances
 28062 | D:12     | Killed Frances
 28230 | D:13     | Found a shadowy altar of Dithmenos.
 28531 | D:13     | Found a gate to the Vaults.
 28863 | D:13     | Identified 2 scrolls of acquirement
 28863 | D:13     | Acquired 982 gold pieces
 28865 | D:13     | Acquired the +3 pair of gauntlets of War {Slay+5}
 28865 | D:13     | Found the +3 pair of gauntlets of War {Slay+5}
 29197 | D:14     | Noticed Snorg
 29208 | D:14     | Killed Snorg
 29498 | D:14     | Reached skill level 22 in Long Blades
 29651 | D:14     | Found a portal to a secret trove of treasure.
 29812 | D:14     | Noticed Nessos
 29828 | D:14     | Killed Nessos
 30182 | D:15     | Entered Level 15 of the Dungeon
 30209 | D:14     | Identified the +0 hat "Pid Igar" {rPois Int+3} (Okawaru
                  | gifted it to you on level 14 of the Dungeon)
 30209 | D:14     | Received a gift from Okawaru
 30420 | D:15     | Noticed Josephine
 30427 | D:15     | Noticed Rupert
 30428 | D:15     | Killed Josephine
 30435 | D:15     | Killed Rupert
 30852 | D:15     | Found a staircase to the Depths.
 30995 | Depths:1 | Entered Level 1 of the Depths
 31009 | Depths:1 | Reached XP level 19. HP: 164/180 MP: 29/29
 31203 | Depths:1 | Found a gateway to Hell.
 31356 | Depths:1 | Found Eluxt's Assorted Antiques.
 31361 | Depths:1 | Bought a crude triple sword for 465 gold pieces
 31361 | Depths:1 | Identified the +7 triple sword of the Trees {vamp, rPois
                  | Dex+3} (You bought it in a shop on level 1 of the Depths)
 31361 | Depths:1 | Bought a potion of invisibility for 248 gold pieces
 31361 | Depths:1 | Bought a scroll of teleportation for 93 gold pieces
 31361 | Depths:1 | Bought a scroll of teleportation for 93 gold pieces
 31520 | Depths:1 | Identified the +8 great mace "Xoigil" {freeze, Fragile rC++
                  | Int+4}
 31521 | Depths:1 | Noticed a juggernaut
 31532 | Depths:1 | Killed a juggernaut
 31804 | Depths:1 | Received a gift from Okawaru
 31811 | Depths:1 | Reached skill level 23 in Long Blades
 31919 | Depths:1 | Identified the +9 great sword of Spontaneous Combustion
                  | {vorpal, rF+ Will+ Int-4} (Okawaru gifted it to you on
                  | level 1 of the Depths)
 31919 | Depths:1 | Received a gift from Okawaru
 32671 | D:9      | Killed Joseph
 32862 | Shoals:1 | Entered Level 1 of the Shoals
 32885 | Shoals:1 | Noticed Roxanne
 32898 | Shoals:1 | Killed Roxanne
 33689 | Shoals:2 | Acquired a manual of Bows
 33952 | Shoals:2 | Reached skill level 1 in Evocations
 33966 | Shoals:2 | Identified the ring "Udghaes" {+Blink rPois Int+6 Dex+3}
 34031 | Shoals:2 | Paralysed by you for 2 turns
 34034 | Shoals:2 | Received a gift from Okawaru
 34688 | Arena    | Entered the Arena
 34718 | Shoals:3 | HP: 9/183 [merfolk (14)]
 34718 | Shoals:3 | Mangled by a merfolk

Illustrated notes

Levels and vault maps discovered:
D:1:      heliophobic_arrival_dark_side_of_the_moon, layout_basic,
          serial_corexii_hall, chequers_hall_statues_y, corexii_hall_statues_s,
          shapermc_ecumenical_altar_pompeii, minmay_lizard_pond
D:2:      minmay_inner_zag, layout_basic
D:3:      layout_basic, nicolae_uskayaw_suspiria, tgw_sif, uniq_natasha
D:4:      corexii_shack_village, layout_layer_cave, uniq_duvessa
D:5:      layout_basic, amethyst_killhole, minmay_diced_spiral
D:6:      layout_loops_corners, minmay_temple_entry_statues, minmay_puff
D:7:      layout_loops_ring, mainiacjoe_overflow_six_doors_small,
          enter_ossuary_5, enter_bailey_2
D:8:      layout_loops_ring, grunt_temple_overflow_diamond,
          due_lair_maze_entry_diamond
D:9:      layout_long_grid, david_orc_2, minmay_misc_feat_more_columns,
          minmay_misc_feat_nine_boxes, kennysheep_generic_room_14, uniq_joseph
D:10:     layout_cave_pools, kennysheep_mini, nzn_wu_jian_council_hall,
          okawaru_gym_becter, kennysheep_slug_shrine, uniq_psyche, uniq_fannar,
          uniq_erica
D:11:     layout_basic
D:12:     layout_basic, uniq_nergalle, uniq_frances, uniq_azrael, uniq_erolcha
D:13:     minmay_containers, layout_basic, david_vaults_5,
          nicolae_dithmenos_the_darkroom
D:14:     layout_layer_cave, wad_floor_pattern_1, nicolae_trove_entry_crossroad,
          uniq_snorg, uniq_nessos
D:15:     hangedman_depths_entry_civil_slaughter, layout_rooms,
          kennysheep_doodads, uniq_rupert, uniq_josephine
Lair:1:   gammafunk_indiana_jones, layout_cave_pods, beast_lair_carwin_10
Lair:2:   layout_cave_pods, serial_bayou_shore_b, grunt_megastairs_4,
          serial_bayou_shore_b
Lair:3:   layout_regular_city, minmay_shoals_entry_hut,
          minmay_snake_entry_guardpost_small, lemuel_fruit_tree
Lair:4:   layout_long_grid, portal_ice_cave_entry_ice_simulacra,
          gauntlet_entry_generic, nicolae_lair_time_for_slime,
          grunt_megastairs_3, infiniplex_staircase_pool, lemuel_fruit_fields
Lair:5:   beast_lair_carwin_large_4, layout_hall_layers, slime_altar_1,
          special_room [special_room_bee], nicolae_quartered_pool_impasse
Lair:6:   gammafunk_lair_ancient_temple, layout_regular_city, enter_volcano_1
Shoals:1: layout_shoals, nicolae_shoals_dead_sea_scrolls, uniq_roxanne
Shoals:2: dreamdust_from_the_deep, layout_shoals
Shoals:3: layout_shoals
Orc:1:    layout_caves, serial_shops, shop, uniq_jorgrun
Orc:2:    grunt_orc_gardens, layout_caves, grunt_orc_garden, grunt_orc_garden,
          grunt_orc_garden, grunt_orc_garden, serial_shops, shop
Elf:1:    elf_arrival_001, layout_geoelf_grid, serial_shops,
          nicolae_shop_hallway_plus, shop, nicolae_shop_statue_plus, shop,
          minmay_elf_crystal_heptagon, solitary_fountain
Elf:2:    nicolae_elf_blades_splatter_lattice [mumra_blade_entry_bloodbath],
          layout_loops_ring, serial_shops, shop_fountains,
          dreamdust_deal_with_the_devil, wad_dig_loot
Elf:3:    minmay_elf_hall_curves, layout_loops_ring,
          nicolae_elf_archery_training
Depths:1: layout_gridlike, serial_shops, nicolae_shop_hallway_stairs,
          hell_entry, eino_tiny_chamber,
          hangedman_abyss_or_decor_jellyfish_corner, minmay_statues_item,
          hellmonk_guarded_unrand_dark_maul

Skill      XL: |  1  2  3  4  5  6  7  8  9 10 11 12 13 14 15 16 17 18 19 |
---------------+----------------------------------------------------------+-----
Axes           | 4 5 6 7 8 10 12 | 12.3
Armour         | 1 2 3 4 5 6 8 9 10 12 13 14 15 17 18 | 18.9
Fighting       | 4 5 6 7 9 10 11 12 13 15 16 17 18 19 | 19.2
Invocations    | 2 4 6 7 8 10 11 13 14 15 16 | 16.3
Throwing       | 1 2 |  2.3
Long Blades    | 6 9 12 14 16 17 18 20 22 23 | 23.5
Shields        | 4 |  4.6
Evocations     | 1 |  1.7
Dodging        | 4 |  4.1
Stealth        | |  1.5

Action                   |  1- 3 |  4- 6 |  7- 9 | 10-12 | 13-15 | 16-18 | 19-21 || total
-------------------------+-------+-------+-------+-------+-------+-------+-------++-------
Melee: Hand axe          |   105 |    66 |   327 |       |       |       |       ||   498
       Headbutt          |    18 |    17 |    76 |    67 |   205 |   206 |    99 ||   688
       Punch             |       |       |     7 |     5 |     2 |       |       ||    14
       Battleaxe         |       |       |    45 |    39 |       |       |       ||    84
       Double sword      |       |       |       |   345 |   828 |   876 |   316 ||  2365
Invok: Heroism           |       |       |     2 |     3 |     1 |       |       ||     6
       Finesse           |       |       |       |     2 |       |       |       ||     2
       Duel              |       |       |       |     1 |       |     1 |     1 ||     3
Evoke: Wand              |       |       |    11 |       |       |     4 |     1 ||    16
  Use: Scroll            |       |       |     4 |    10 |    10 |     4 |     5 ||    33
       Potion            |       |       |     1 |       |     8 |     4 |     9 ||    22
 Stab: Sleeping          |     4 |       |       |       |       |       |       ||     4
       Distracted        |       |       |       |       |     1 |       |       ||     1
Armor: Chain mail        |    59 |    29 |   146 |       |       |       |       ||   234
       Robe              |     1 |       |       |       |       |       |       ||     1
       Scale mail        |       |       |    69 |   274 |   304 |       |       ||   647
       Plate armour      |       |       |       |       |    62 |   400 |   234 ||   696
Dodge: Dodged            |    32 |    31 |   164 |   328 |   370 |   217 |   118 ||  1260
       Repelled          |       |       |       |       |       |     4 |     3 ||     7
Block: Buckler           |       |       |       |       |   298 |   232 |   101 ||   631
       Rpst.: Double sword |       |       |       |       |    94 |    29 |       ||   123

Table legend: (Time is in decaauts)
 A = Elapsed time spent in this place.
 B = Non-inter-level travel time spent in this place.
 C = Inter-level travel time spent in this place.
 D = Time resting spent in this place.
 E = Time spent auto-exploring this place.
 F = Levels seen in this place.
 G = Mean time per level.
                   A        B        C        D        E       F      G
               +--------+--------+--------+--------+--------+-----+--------+
         Total |  34276 |  32396 |   1880 |   4622 |  20048 |  38 |  902.0 |
       Dungeon |  16243 |  15274 |    969 |   2324 |  10552 |  15 | 1082.9 |
          Lair |   6209 |   5851 |    358 |    606 |   3950 |   6 | 1034.8 |
        Shoals |   1786 |   1725 |     61 |    135 |   1294 |   3 |  595.3 |
  Orcish Mines |   1747 |   1594 |    153 |    345 |    782 |   2 |  873.5 |
   Elven Halls |   4530 |   4308 |    222 |    698 |   2213 |   3 | 1510.0 |
        Depths |   1459 |   1344 |    115 |    127 |    875 |   1 | 1459.0 |
       Ossuary |    207 |    207 |      0 |      0 |      0 |   1 |  207.0 |
        Bailey |    387 |    387 |      0 |     73 |     74 |   1 |  387.0 |
      Ice Cave |   1137 |   1137 |      0 |    291 |    287 |   1 | 1137.0 |
       Volcano |    211 |    211 |      0 |      0 |     21 |   1 |  211.0 |
      Gauntlet |    297 |    297 |      0 |      1 |      0 |   1 |  297.0 |
         Arena |     58 |     58 |      0 |     20 |      0 |   3 |   19.3 |
               +--------+--------+--------+--------+--------+-----+--------+

Top non-repeatable levels by time:
     D:6: 2130 daAuts
   Elf:3: 1776 daAuts
     D:5: 1695 daAuts
     D:3: 1658 daAuts
Depths:1: 1459 daAuts
   Elf:2: 1406 daAuts
   Elf:1: 1347 daAuts
  Lair:1: 1280 daAuts
     D:1: 1232 daAuts
     D:2: 1230 daAuts
  Lair:2: 1216 daAuts
     D:8: 1171 daAuts
    D:14: 1157 daAuts
   IceCv: 1137 daAuts
    D:12: 1091 daAuts
